AoeStats
← Privilege

MegaRandom

506878455Analyzed
4v4 RM · 16d ago on Sep 15, 2026· 43m 29s· 8 players
Game mode
Random Map
Map size
Large (8 player)
Population
200
Speed
Normal
Resources
Standard
Victory
Conquest
Starting age
Dark Age
Ending age
Imperial Age
RankedLock teamsTeams togetherTeam positionsShared explorationLock speedFull tech treeHidden civsTurbo modeCheats
Victory
Defeat
🇨🇳 Poles · China
1588
+9
🇨🇳 Italians · China
1517
+11
🇨🇳 Wu · China
1288
+21
🇨🇳 Berbers · China
1225
+22
🇵🇪 Mongols · Peru
1439
-17
🇦🇷 Armenians · Argentina
1416
-16
🇨🇳 Burgundians · China
1385
-15
🇪🇪 Malians · Estonia
1376
-15
椒香三角铁
2:52 Loom
10:48 Feudal Age
16:23 Castle Age
15:35 Double-Bit Axe
18:24 Bow Saw
28:14 Gold Mining
28:36 Crossbowman
29:22 Thumb Ring
29:15 Fletching
29:25 Padded Archer Armor
30:44 Bodkin Arrow
31:05 Leather Archer Armor
31:11 Ballistics
32:43 Wheelbarrow
34:54 Caravan
35:27 Coinage
坐边抗压沙包人
4:39 Loom
10:08 Feudal Age
15:37 Castle Age
14:33 Double-Bit Axe
14:34 Horse Collar
18:16 Medium Warships
18:48 Bow Saw
19:28 Fletching
24:22 Siphons
24:28 Clinker Construction
30:37 Imperial Age
29:35 Bloodlines
29:26 Husbandry
30:16 Wheelbarrow
29:53 Scale Barding Armor
34:54 Fletching
36:49 Conscription
38:41 Carvel Hull
39:21 Heavy Plow
41:37 Fishing Lines
41:46 Heavy Camel Rider
42:50 Chain Barding Armor
42:41 Forging
Privilege
3:07 Loom
9:31 Loom
11:50 Feudal Age
14:46 Fletching
17:01 Castle Age
16:32 Horse Collar
16:38 Double-Bit Axe
17:41 Fishing Lines
19:11 Wheelbarrow
19:06 Heavy Plow
24:20 Scale Barding Armor
25:20 Bloodlines
25:48 Chain Barding Armor
27:30 Forging
27:55 Light Cavalry
29:01 Husbandry
30:53 Medium Warships
31:17 Bodkin Arrow
32:00 Iron Casting
32:37 Hand Cart
32:08 Town Watch
32:43 Hand Cart
37:16 Imperial Age
40:55 Blast Furnace
心如止水
2:30 Loom
10:47 Feudal Age
11:57 Double-Bit Axe
14:34 Castle Age
12:31 Fishing Lines
13:21 Fletching
15:59 Bow Saw
16:43 Bodkin Arrow
21:10 Padded Archer Armor
24:42 Wheelbarrow
30:32 Hand Cart
30:02 Town Watch
31:01 Caravan
31:21 Horse Collar
35:05 Town Watch
40:01 Imperial Age
39:29 Leather Archer Armor
39:28 Bloodlines
39:18 Husbandry
40:12 Clinker Construction
40:33 Scale Barding Armor
40:32 Heavy Plow
40:50 Elite Genitour
41:47 Bracer
42:09 Chain Barding Armor
42:33 Ballistics
42:05 Heavy Hei Guang Cavalry
44:10 Plate Barding Armor
43:46 Forging
Good_cholesterol
3:52 Loom
11:46 Feudal Age
15:50 Castle Age
14:16 Double-Bit Axe
15:33 Gold Mining
15:23 Horse Collar
16:04 Fletching
16:14 Padded Archer Armor
17:04 Bow Saw
18:21 Crossbowman
20:26 Bodkin Arrow
21:32 Leather Archer Armor
27:07 Elite Skirmisher
29:41 Thumb Ring
29:03 Light Cavalry
29:54 Bloodlines
29:44 Husbandry
31:56 Scale Barding Armor
32:03 Forging
[BadStart] The Shadow
3:27 Loom
11:25 Feudal Age
12:45 Double-Bit Axe
15:28 Castle Age
13:31 Gold Mining
13:33 Stone Mining
13:26 Fishing Lines
14:45 Scale Mail Armor
14:30 Man-at-Arms
15:47 Horse Collar
16:22 Bow Saw
17:29 Scale Barding Armor
20:27 Chain Barding Armor
27:45 Chain Mail Armor
28:14 Pikeman
32:43 Forging
34:43 Heavy Plow
[GRs]KillerJerry
4:20 Loom
5:58 Wheelbarrow
5:57 Double-Bit Axe
12:18 Feudal Age
10:46 Horse Collar
15:55 Castle Age
14:23 Bow Saw
14:50 Scale Barding Armor
15:50 Forging
16:07 Cavalier
22:08 Hand Cart
21:39 Town Watch
23:39 Two-Man Saw
22:40 Heavy Plow
24:22 Scale Mail Armor
26:24 Guilds
30:14 Imperial Age
27:49 Husbandry
28:11 Chain Barding Armor
28:24 Caravan
28:04 Light Cavalry
30:04 Iron Casting
30:44 Heavy Plow
30:51 Hussar
33:11 Chemistry
33:27 Blast Furnace
33:50 Plate Barding Armor
36:54 Bombard Tower
41:57 Paladin
Maech_
2:43 Loom
10:03 Feudal Age
19:37 Castle Age
18:22 Scale Barding Armor
19:38 Fletching
20:00 Horse Collar
19:48 Light Cavalry
21:40 Bodkin Arrow
23:57 Bloodlines
27:30 Town Watch
31:51 Husbandry
32:00 Thumb Ring
32:37 Double-Bit Axe
Connection lost

Rejoining the realm…

Still unreachable

The connection could not be restored.

Session expired

The server has moved on; the page needs a fresh start.